 Dungeon Crawl Stone Soup version 0.31-a0-1338-gb567cfdca4 (webtiles) character file.

Game seed: 15893999493003807645

133 MachoJfn the Caller (level 4, 0/24 HPs)
             Began as a Deep Elf Summoner on Dec 21, 2023.
             Was a Believer of Kikubaaqudgha.
             Killed from afar by an orc wizard (6 damage)
             ... with a puff of flame
             ... on level 3 of the Dungeon on Dec 22, 2023.
             The game lasted 00:12:40 (2395 turns).

MachoJfn the Caller (Deep Elf Summoner)             Turns: 2395, Time: 00:12:40

Health: 0/24       AC:  2    Str:  5    XL:     4   Next: 93%
Magic:  0/12       EV: 12    Int: 22    God:    Kikubaaqudgha [**....]
Gold:   93         SH:  0    Dex: 15    Spells: 8/11 levels left

rFire   . . .        e - +2 dagger (speed)
rCold   . . .        (no shield)
rNeg    . . .        a - +0 robe
rPois   .            (no helmet)
rElec   .            (no cloak)
rCorr   .            (no gloves)
SInv    .            (no boots)
Will    +....        (no amulet)
Stlth   ++           d - ring of willpower
HPRegen 0.24/turn    (no ring)
MPRegen 0.13/turn

%: no passive effects
@: no status effects
A: no striking features
a: Renounce Religion, Unearth Wretches


You were on level 3 of the Dungeon.
You worshipped Kikubaaqudgha.
Kikubaaqudgha was pleased with you.
You visited 1 branch of the dungeon, and saw 3 of its levels.

You collected 93 gold pieces.

Inventory:

Hand Weapons
 e - a +2 dagger of speed (weapon)
Missiles
 f - 29 stones
 g - 2 boomerangs
Armour
 a - a +0 robe (worn)
Jewellery
 d - a ring of willpower (left hand)
 k - a +6 ring of dexterity
Scrolls
 i - 3 scrolls of identify {unknown}
 j - a scroll of revelation
Potions
 b - 2 potions of magic


   Skills:
 + Level 0.2 Fighting
 * Level 2.5 Short Blades
 + Level 2.4 Dodging
 + Level 2.7 Stealth
 + Level 4.3 Spellcasting
 + Level 5.2 Summonings


You had 8 spell levels left.
You knew the following spells:

 Your Spells              Type           Power      Damage    Failure   Level
a - Summon Small Mammal   Summ           100%       N/A       1%          1
b - Call Imp              Summ           56%        N/A       1%          2

Your spell library contained the following spells:

 Spells                   Type           Power      Damage    Failure   Level
 Call Canine Familiar     Summ           28%        N/A       3%          3
 Kiss of Death            Conj/Necr      16%        2d6       11%         1
 Necrotise                Necr           16%        1d4       11%         1
 Summon Guardian Golem    Hex/Summ       16%        N/A       11%         3
 Ensorcelled Hibernation  Hex/Ice        8%         N/A       16%         2
 Passwall                 Alch/Erth      3%         N/A       16%         2
 Sublimation of Blood     Necr           4%         N/A       16%         2
 Swiftness                Air            4%         N/A       32%         3
 Vampiric Draining        Necr           4%         2d6       32%         3
 Summon Lightning Spire   Summ/Air       16%        N/A       36%         4


Dungeon Overview and Level Annotations

Branches:
Dungeon (3/15)

Altars:
Kikubaaqudgha


Message History

Something closely misses your cerulean imp.
Something closely misses your cerulean imp.
Something hits your cerulean imp. Something hits your cerulean imp.
Something barely misses your cerulean imp.
Something hits your cerulean imp.
Your cerulean imp dies!
Your cerulean imp disappears in a puff of smoke!
Casting: Call Imp (safe; 1% risk of failure)
Confirm with . or Enter, or press ? or * to list all spells.
A tiny devil pulls itself out of the air.
A magic dart appears from out of thin air!
The magic dart hits you! Something hits you but does no damage.
You hit something but do no damage. You hit something.
You hear some strange, mumbled words.
A magic dart appears from out of thin air!
The magic dart hits you.
* * * LOW HITPOINT WARNING * * *
It was a potion of invisibility.
You fade into invisibility!
You hear some strange, mumbled words.
A puff of flame appears from out of thin air!
The puff of flame misses you.
It was a potion of cancellation.
Your magical effects are unravelling.
You feel magically purged.
You flicker back into view.
Something hits you.
* * * LOW HITPOINT WARNING * * *
Casting: Call Imp (safe; 1% risk of failure)
Confirm with . or Enter, or press ? or * to list all spells.
A tiny devil pulls itself out of the air.
Your cerulean imp disappears in a puff of smoke!
You hear some strange, mumbled words.
A puff of flame appears from out of thin air!
The puff of flame hits you.
You die...
Kikubaaqudgha rasps: "You have failed me!
Welcome... death!"

#.#. #.####..
#.....)#######
#o......#
#######.#####.# #
........#####.###...#
#######.##.[.......#
#)##ยง##.######
#oo{@.5.# ..
#.##.##.##.
#.##.##.#. #.##..<..
#.##.##.# #.##.##.#
#......>######
##........<..#
#.#.##.####.#


You could see 2 orcs and a friendly cerulean imp (summoned).

Vanquished Creatures
  An orc (D:3)
  A bat (D:1)
  An endoplasm (D:1)
  3 giant cockroaches
  A goblin (D:1)
  A hobgoblin (D:2)
  A ball python (D:2)
9 creatures vanquished.

Vanquished Creatures (collateral kills)
  4 adders (D:2)
  4 gnolls (D:2)
  A dart slug (D:2)
  An orc (D:3)
  7 endoplasms
  A giant cockroach (D:2)
  6 hobgoblins
  4 quokkas
  5 ball pythons
  5 bats
  A frilled lizard (D:2)
  A goblin (D:1)
  A kobold (D:2)
  5 rats
46 creatures vanquished.

Grand Total: 55 creatures vanquished

Notes
Turn   | Place    | Note
-------+----------+-------------------------------------------
     0 | D:1      | MachoJfn the Deep Elf Summoner began the quest for the Orb.
     0 | D:1      | Reached XP level 1. HP: 10/10 MP: 6/6
   232 | D:1      | Reached XP level 2. HP: 13/15 MP: 8/8
   352 | D:1      | Learned a level 2 spell: Call Imp
   524 | D:1      | Reached skill level 1 in Short Blades
   841 | D:2      | Found a faded altar of an unknown god.
   845 | D:2      | Prayed at the altar of an unknown god.
   845 | D:2      | Became a worshipper of Kikubaaqudgha
   845 | D:2      | Reached * piety under Kikubaaqudgha
   845 | D:2      | Received a gift from Kikubaaqudgha
   880 | D:2      | Reached XP level 3. HP: 19/19 MP: 6/10
  1221 | D:2      | Reached XP level 4. HP: 12/24 MP: 0/12
  1245 | D:2      | Reached skill level 5 in Summonings
  1754 | D:2      | Reached ** piety under Kikubaaqudgha
  2395 | D:3      | Killed from afar by an orc wizard

Illustrated notes

Levels and vault maps discovered:
D:1:      dpeg_arrival_simpleton_c, layout_rooms, supply_closet_lemuel,
          minmay_misc_feat_plants, minmay_misc_feat_secret_circle,
          minmay_misc_feat_doors, serial_park_tiny_2,
          chequers_serial_rivers_small_3
D:2:      layout_loops_ring, ebering_ecumenical_altar_rust, minmay_tetromino_t4
D:3:      layout_loops_cross, mainiacjoe_overflow_24_doors,
          chequers_decorated_corner, uniq_jessica, uniq_ijyb

Skill      XL: |  1  2  3  4 |
---------------+-------------+-----
Short Blades   | 1 2 |  2.5
Spellcasting   | 4 |  4.3
Summonings     | 5 |  5.2
Fighting       | |  0.2
Dodging        | |  2.4
Stealth        | |  2.7

Action                     |  1- 3 |  4- 6 || total
---------------------------+-------+-------++-------
  Melee: Dagger            |    18 |     8 ||    26
         Unarmed           |     2 |       ||     2
   Cast: Summon Small Mamm |    45 |    27 ||    72
         Call Imp          |    15 |    16 ||    31
    Use: Scroll            |     2 |     2 ||     4
         Potion            |       |     2 ||     2
   Stab: Distracted        |     1 |       ||     1
         Sleeping          |     1 |       ||     1
 Armour: Robe              |    24 |    15 ||    39
  Dodge: Dodged            |    23 |     7 ||    30

Table legend: (Time is in decaauts)
 A = Elapsed time spent in this place.
 B = Non-inter-level travel time spent in this place.
 C = Inter-level travel time spent in this place.
 D = Time resting spent in this place.
 E = Time spent auto-exploring this place.
 F = Levels seen in this place.
 G = Mean time per level.
                   A        B        C        D        E       F      G
               +--------+--------+--------+--------+--------+-----+--------+
         Total |   2386 |   2218 |    168 |    211 |   1497 |   3 |  795.3 |
       Dungeon |   2386 |   2218 |    168 |    211 |   1497 |   3 |  795.3 |
               +--------+--------+--------+--------+--------+-----+--------+

Top non-repeatable levels by time:
     D:2: 1436 daAuts
     D:1: 837 daAuts
     D:3: 112 daAuts
